 Dungeon Sprint DCSS version 0.30.1 (webtiles) character file.

Game seed: 17691948350297902935

0 boopmooplesden the Twirler (level 1, 0/12 HPs)
             Began as a Gargoyle Gladiator on July 14, 2023.
             Splashed by a jelly's acid (8 damage)
             ... in the Dungeon (Sprint VI: "Thunderdome").
             The game lasted 00:00:04 (14 turns).

boopmooplesden the Twirler (Gargoyle Gladiator)       Turns: 14, Time: 00:00:05

Health: 0/12       AC:  6    Str: 17    XL:     1   Next: 20%
Magic:  1/1        EV: 12    Int:  8    God:
Gold:   200        SH:  0    Dex: 11    Spells: 0/0 levels left

rFire   . . .        a - +0 quarterstaff
rCold   . . .        (shield currently unavailable)
rNeg    + . .        b - +0 leather armour
rPois   ∞            c - +0 helmet
rElec   +            (no cloak)
rCorr   .            (no gloves)
SInv    .            (no boots)
Will    .....        (no amulet)
Stlth   +            (no ring)
HPRegen 0.22/turn    (no ring)
MPRegen 0.07/turn

%: no teleportation
@: no status effects
A: sickness immunity, AC +2, negative energy resistance 1, electricity
resistance, torment resistance 1, petrification resistance
a: no special abilities


You were in the Dungeon.
You visited 1 branch You collected 200 gold pieces.

Inventory:

Hand Weapons
 a - a +0 quarterstaff (weapon)
Missiles
 d - 3 throwing nets (quivered)
 e - a javelin
Armour
 b - a +0 leather armour (worn)
 c - a +0 helmet (worn)
Wands
 m - a wand of light (5)
 n - a wand of iceblast (5)
Scrolls
 k - 4 scrolls of blinking
 o - 3 scrolls of fog
Potions
 f - a potion of curing
 g - 4 potions of heal wounds
 h - 4 potions of haste
 i - 2 potions of magic
 j - a potion of berserk rage
 l - a potion of resistance


   Skills:
 + Level 2.3 Fighting
 + Level 3.2 Staves
 + Level 1.8 Throwing
 + Level 2.7 Dodging


You couldn't memorise any spells.
You didn't know any spells.
Your spell library was empty.

Dungeon Overview and Level Annotations

Branches:
Dungeon (1/1)

Altars:
Cheibriados
Kikubaaqudgha
Qazlal
Sif Muna
Trog
Uskayaw
Zin

Shops:
D *[?


Innate Abilities, Weirdness & Mutations

You are immune to sickness and miasma.
Your stone body is resilient. (AC +2)
You are immune to poison.
You resist negative energy. (rN+)
You are resistant to electric shocks. (rElec)
You are resistant to unholy torment.
You are immune to petrification.


Message History

You have entered the arena!
You will win if you kill everything that spawns (including allies).
If it is a boss round, you only need to kill the boss in order to win.
If it is a lightning round, you only need to survive!
Welcome, boopmooplesden the Gargoyle Gladiator.
Press ? for a list of commands and other information.
Found 200 gold pieces.
Found a staircase leading out of the dungeon.
You now have 200 gold pieces.
l - a potion of resistance;
m - a wand of light (5);
n - a wand of iceblast (5)
h - 4 potions of haste (gained 3);
g - 4 potions of heal wounds (gained 3)
o - 3 scrolls of fog;
k - 4 scrolls of blinking (gained 3)
There is a staircase leading out of the dungeon here.
Found two altars.
Get ready!
Found an ancient bone altar of Kikubaaqudgha and a bloodstained altar of Trog.
Found a hide-covered altar of Uskayaw and a stormy altar of Qazlal.
ROUND 1!
FIGHT!
Found Luase's Identification Station.
Found a glowing silver altar of Zin.
Found Vuekiog's Jewellery and Qalialer's Advanced Armour.
A jelly comes into view.
The jelly quivers.
An endoplasm comes into view.
The endoplasm quivers.
You sock the endoplasm!
You kill the endoplasm!
You hit the jelly.
Your hands burn!
The jelly is moderately wounded.
The jelly hits you.
You are splashed with acid!
Ouch! That really hurt!
You die...

#_....... #_.......
###.........##
#⌠...........⌠
######.8...... ..8.
##.___......# .....
###∩........8.# .8...
#....@........###.....
#⌠....J.....###...#
#⌠..........# #.<.#
#§..........# #...#
##.............###.....
###∩........8. .8...
##∩_._......# ....
######.8.... ..8.
#§.... ..⌠


You could see a jelly.

Vanquished Creatures
  An endoplasm (D)
1 creature vanquished.

Notes
Turn   | Place    | Note
-------+----------+-------------------------------------------
     0 | D        | boopmooplesden the Gargoyle Gladiator began the quest for
                  | the Orb.
     0 | D        | Reached XP level 1. HP: 12/12 MP: 1/1
     3 | D        | Found a snail-covered altar of Cheibriados.
     3 | D        | Found a shimmering blue altar of Sif Muna.
     4 | D        | Found an ancient bone altar of Kikubaaqudgha.
     4 | D        | Found a bloodstained altar of Trog.
     5 | D        | Found a hide-covered altar of Uskayaw.
     5 | D        | Found a stormy altar of Qazlal.
     5 | D        | Round 1.
     6 | D        | Found a glowing silver altar of Zin.
     6 | D        | Found Luase's Identification Station.
     7 | D        | Found Vuekiog's Jewellery.
     7 | D        | Found Qalialer's Advanced Armour.
     7 | D        | Noticed a jelly
    14 | D        | Splashed by a jelly's acid

Illustrated notes

Levels and vault maps discovered:
D:        arena_sprint

Action                     || total
---------------------------++-------
  Melee: Quarterstaff      ||     2
